[Event "Titled Tuesday Blitz November 08 Early 2022"]
[White "Carbone, Diego"]
[Black "Sreyas Payyappat"]
[WhiteFideId "3002179"]
[BlackFideId "46674969"]
[WhiteElo "2265"]
[BlackElo "2083"]
[Result "0-1"]
[Round "11"]
[TimeControl "180+1"]
[Date "2022.11.09"]
[WhiteClock "0:00:02"]
[BlackClock "0:00:38"]

1. d4 Nf6 2. c4 c5 3. d5 e6 4. Nc3 exd5 5. cxd5 d6 6. e4 g6 7. Nge2 Bg7 8. Ng3 O-O 9. Be2 Re8 10. O-O Nbd7 11. Bg5 h6 12. Be3 Ne5 13. h3 g5 14. f4 gxf4 15. Bxf4 Ng6 16. Be3 a6 17. Qd2 Kh7 18. a4 Rb8 19. Nf5 Bxf5 20. Rxf5 Nxe4 21. Nxe4 Rxe4 22. Bxh6 Bxh6 23. Rxf7+ Bg7 24. Bd3 Qh4 25. Raf1 Kg8 26. Qa5 b6 27. Qxa6 Rxa4 28. Qb5 Ne5 29. Rc7 Qd4+ 30. Kh1 Ra5 31. Rxg7+ Kxg7 32. Qb3 Qxd3 0-1


[Site "https://www.chess.com"]

[Event "Titled Tuesday Blitz November 08 Early 2022"]
[White "Cella, Glaucio Dalla Cortt"]
[Black "Rustemov, Alexander"]
[WhiteFideId "2119455"]
[BlackFideId "4119002"]
[WhiteElo "2011"]
[BlackElo "2645"]
[Result "1-0"]
[Round "11"]
[TimeControl "180+1"]
[Date "2022.11.09"]
[WhiteClock "0:00:25"]
[BlackClock "0:00:06"]

1. e4 e6 2. d4 d5 3. Nd2 b6 4. c3 dxe4 5. Nxe4 Bb7 6. Bd3 Nf6 7. Qe2 Qd5 8. Nxf6+ gxf6 9. f3 Qh5 10. Nh3 Bd6 11. Nf4 Qg5 12. Nxe6 Qh4+ 13. g3 Bxg3+ 14. Kf1 Qh3+ 15. Qg2 Qxe6 16. Qxg3 Nd7 17. Qxc7 Bxf3 18. Bh6 Bxh1 19. Re1 Ke7 20. Rxe6+ fxe6 21. Bf4 Rhd8 22. Bb5 Rac8 23. Qd6+ Kf7 24. Bxd7 Rc6 25. Qxc6 Bxc6 26. Bxc6 Rg8 27. Kf2 Rg4 28. Bg3 h5 29. Bf3 Rg5 30. h4 Ra5 31. a3 Kg6 32. Be4+ f5 33. Bc6 b5 34. Bc7 1-0


[Site "https://www.chess.com"]

[Event "Titled Tuesday Blitz November 08 Early 2022"]
[White "Chernov, Mikhail"]
[Black "Broca Jimenez, Fernando"]
[WhiteFideId "24143170"]
[BlackFideId "5104742"]
[WhiteElo "2113"]
[BlackElo "2062"]
[Result "1-0"]
[Round "11"]
[TimeControl "180+1"]
[Date "2022.11.09"]
[WhiteClock "0:01:01"]
[BlackClock "0:00:12"]

1. d4 Nf6 2. Nc3 d5 3. Bf4 e6 4. e3 Be7 5. g4 Ne4 6. Nxe4 dxe4 7. Bg2 f5 8. Ne2 Nd7 9. Qd2 Nf6 10. gxf5 exf5 11. O-O-O Be6 12. Kb1 a5 13. Be5 c6 14. Nf4 Bf7 15. Bh3 g5 16. Ne2 Be6 17. Ng3 Qd7 18. Rhf1 Rf8 19. Bg2 g4 20. h3 h6 21. Ne2 h5 22. Nf4 Bf7 23. hxg4 hxg4 24. Rh1 Nd5 25. Nh5 Qe6 26. Ng7+ Kd7 27. Nxe6 Kxe6 28. c4 1-0


[Site "https://www.chess.com"]

[Event "Titled Tuesday Blitz November 08 Early 2022"]
[White "Ciuffoletti, Paolo"]
[Black "Yurovskykh, Oleksandr"]
[WhiteFideId "807630"]
[BlackFideId "14134020"]
[WhiteElo "2143"]
[BlackElo "2265"]
[Result "0-1"]
[Round "11"]
[TimeControl "180+1"]
[Date "2022.11.09"]
[WhiteClock "0:00:02"]
[BlackClock "0:00:23"]

1. e4 d5 2. exd5 Qxd5 3. Nc3 Qd8 4. d4 Nf6 5. Nf3 Bg4 6. Bc4 e6 7. h3 Bxf3 8. Qxf3 c6 9. Be3 Nbd7 10. g4 h6 11. h4 Qa5 12. O-O-O Nb6 13. Bb3 Nbd5 14. Bd2 Bb4 15. g5 Nd7 16. Ne4 Bxd2+ 17. Rxd2 Qc7 18. c4 Qf4 19. Qxf4 Nxf4 20. Nd6+ Ke7 21. Nxb7 hxg5 22. Na5 Rac8 23. Ba4 Nb8 24. Re1 gxh4 25. Kb1 Kf6 26. Re4 g5 27. f3 Rhd8 28. Nb7 Rd7 29. Nc5 Rd6 30. Nb7 Rd7 31. Nc5 Rdd8 32. Nb7 Rh8 33. Nd6 Rcd8 34. c5 h3 35. Rh2 Ke7 36. Bb3 Rxd6 37. cxd6+ Kxd6 38. Bc4 Nd7 39. Bf1 Nf6 40. Rxf4 gxf4 41. Rxh3 Rxh3 42. Bxh3 Kd5 43. Kc2 Kxd4 44. Bf1 Nd5 45. Ba6 c5 46. Bb7 Ne3+ 47. Kd2 f5 48. b3 e5 49. a4 e4 50. fxe4 fxe4 51. Ke2 Nc2 52. a5 Nb4 0-1


[Site "https://www.chess.com"]

[Event "Titled Tuesday Blitz November 08 Early 2022"]
[White "Concio, Michael Jr."]
[Black "Rakhmanov, Aleksandr"]
[WhiteFideId "5217873"]
[BlackFideId "4173708"]
[WhiteElo "2236"]
[BlackElo "2530"]
[Result "1-0"]
[Round "11"]
[TimeControl "180+1"]
[Date "2022.11.08"]
[WhiteClock "0:00:10"]
[BlackClock "0:00:16"]

1. e4 c5 2. Ne2 Nf6 3. Nbc3 d5 4. exd5 Nxd5 5. d4 Nxc3 6. bxc3 e6 7. Be3 Qa5 8. Qd2 Nc6 9. g3 Be7 10. Bg2 O-O 11. O-O cxd4 12. cxd4 Qxd2 13. Bxd2 Rd8 14. Be3 Bd7 15. Rab1 b6 16. c4 Rac8 17. Rfc1 e5 18. Bxc6 Bxc6 19. d5 Bd7 20. c5 bxc5 21. Rb7 a6 22. Nc3 Bf8 23. Ne4 Bf5 24. Nc3 Bd3 25. Na4 Bb5 26. Nb6 Rb8 27. Rxb8 Rxb8 28. Bxc5 g6 29. d6 Rd8 30. Rd1 f6 31. Nd5 Kf7 32. Nc7 Be2 33. Rd2 Bc4 34. f3 Rd7 35. Kf2 g5 36. g4 h5 37. h3 hxg4 38. hxg4 Be6 39. Ke2 a5 40. Rb2 Bxd6 41. Bxd6 Rxd6 42. Nb5 Rb6 43. a4 Bc4+ 44. Kd2 Ke7 45. Kc3 Bxb5 46. axb5 Kd6 47. Kc4 Rb8 48. Rd2+ Kc7 49. Kc5 a4 50. Kb4 a3 51. Ra2 Ra8 52. Rxa3 Rxa3 53. Kxa3 f5 54. gxf5 e4 55. f6 e3 56. f7 e2 57. f8=Q e1=Q 58. Qc5+ Kb7 59. Qc6+ Kb8 60. b6 Qa1+ 61. Kb4 Qb2+ 62. Kc5 Qc3+ 63. Kd6 Qf6+ 64. Kc5 Qc3+ 65. Kb5 Qb3+ 66. Ka6 Qa3+ 67. Kb5 Qb3+ 68. Ka5 Qa3+ 69. Qa4 Qc3+ 70. Qb4 Qa1+ 71. Kb5 Qe5+ 72. Qc5 Qb2+ 73. Kc6 Qf6+ 74. Qd6+ Qxd6+ 75. Kxd6 Kb7 76. Ke5 Kxb6 77. Kf5 Kc6 78. Kxg5 Kd6 79. Kf6 Kd7 80. f4 Ke8 81. Kg7 Ke7 82. f5 Kd6 83. f6 Ke5 84. f7 Ke6 85. f8=Q Kd5 86. Qf6 Kc4 87. Qe5 Kb3 88. Qd4 Ka2 89. Qb6 Ka3 90. Kf6 Ka2 91. Ke5 Ka1 92. Kd4 Ka2 93. Kc3 Ka1 94. Qb2# 1-0


[Site "https://www.chess.com"]

[Event "Titled Tuesday Blitz November 08 Early 2022"]
[White "Cramling Bellon, Anna"]
[Black "Gonzalez Vega, Alejandro"]
[WhiteFideId "32009232"]
[BlackFideId "3510042"]
[WhiteElo "1972"]
[BlackElo "2286"]
[Result "0-1"]
[Round "11"]
[TimeControl "180+1"]
[Date "2022.11.09"]
[WhiteClock "0:00:01"]
[BlackClock "0:00:33"]

1. d4 d5 2. c4 e6 3. Nc3 Nf6 4. cxd5 exd5 5. Bg5 Nbd7 6. e3 c6 7. Bd3 Be7 8. Nf3 O-O 9. Qc2 Re8 10. O-O Nf8 11. h3 h6 12. Bh4 Be6 13. Ne5 N6d7 14. Bxe7 Qxe7 15. f4 Nxe5 16. fxe5 Rac8 17. e4 Red8 18. exd5 cxd5 19. Qe2 Qh4 20. Qf2 Qxf2+ 21. Rxf2 a6 22. a4 Nd7 23. Ne2 Nb6 24. b3 Nd7 25. Nf4 Nf8 26. Rc2 Rxc2 27. Bxc2 Rc8 28. Nxe6 Nxe6 29. Rc1 Rc6 30. Kf2 Nxd4 31. Ke3 Nxc2+ 32. Kf4 d4 33. Ke4 Kf8 34. g4 Ke7 35. Kd3 Nb4+ 36. Kd2 Rxc1 37. Kxc1 Ke6 38. Kd2 Kxe5 39. h4 g5 40. hxg5 hxg5 41. Ke2 Kf4 42. Kd2 Kxg4 43. a5 Kf4 44. Ke2 g4 45. Kf2 g3+ 46. Kg2 d3 47. Kf1 Kf3 48. Kg1 d2 0-1


[Site "https://www.chess.com"]

[Event "Titled Tuesday Blitz November 08 Early 2022"]
[White "Crevatin, Leo"]
[Black "Piesik, Piotr"]
[WhiteFideId "1726307"]
[BlackFideId "1136194"]
[WhiteElo "2208"]
[BlackElo "2316"]
[Result "1/2-1/2"]
[Round "11"]
[TimeControl "180+1"]
[Date "2022.11.09"]
[WhiteClock "0:00:06"]
[BlackClock "0:00:49"]

1. e4 g6 2. d4 Bg7 3. Nf3 c6 4. c3 d6 5. h3 Nf6 6. Bd3 O-O 7. O-O Nbd7 8. Nbd2 e5 9. dxe5 dxe5 10. Bc2 Qc7 11. Nc4 Rd8 12. Qd6 Qxd6 13. Nxd6 Nc5 14. Nxc8 Raxc8 15. Re1 Nh5 16. Be3 Nd3 17. Bxd3 Rxd3 18. Bxa7 Nf4 19. Be3 Rcd8 20. Bxf4 exf4 21. Rac1 b5 22. a3 c5 23. Rc2 c4 24. Kf1 Kf8 25. Rcc1 Re8 26. Ra1 Ke7 27. Red1 Kd6 28. Rxd3+ cxd3 29. Rd1 Rxe4 30. Rxd3+ Kc6 31. Nd2 Re8 32. Nb3 h5 33. Rd2 Bf6 34. Re2 Rd8 35. Ke1 g5 36. Rd2 Re8+ 37. Kd1 g4 38. hxg4 hxg4 39. f3 g3 40. Re2 Rh8 41. Nd2 Bd8 42. Nb3 Bb6 43. Nd4+ Bxd4 44. cxd4 Kd5 45. Rd2 Rh1+ 46. Kc2 Rf1 47. Kc3 Rc1+ 48. Kb4 Rc4+ 49. Kxb5 Rxd4 50. Rxd4+ Kxd4 51. a4 Ke3 52. a5 Kf2 53. a6 Kxg2 54. a7 Kf1 55. a8=Q g2 56. Qa1+ Kf2 57. Qa7+ Kf1 58. Qa1+ Kf2 59. Qa7+ Kf1 60. Kc6 g1=Q 61. Qxg1+ Kxg1 62. b4 Kf2 63. b5 Kxf3 64. b6 Kg2 65. b7 f3 66. b8=Q f2 67. Qg8+ Kh2 68. Qxf7 Kg2 69. Qg6+ Kh2 70. Qf5 Kg2 71. Qg4+ Kh2 72. Qf3 Kg1 73. Qg3+ Kh1 74. Qxf2 1/2-1/2


[Site "https://www.chess.com"]

[Event "Titled Tuesday Blitz November 08 Early 2022"]
[White "Cruz Mendez, Jean Marco"]
[Black "Manukian, Artak"]
[WhiteFideId "3526402"]
[BlackFideId "13301373"]
[WhiteElo "2064"]
[BlackElo "2130"]
[Result "0-1"]
[Round "11"]
[TimeControl "180+1"]
[Date "2022.11.09"]
[WhiteClock "0:01:13"]
[BlackClock "0:01:15"]

1. e4 c6 2. d3 d5 3. Nd2 Nf6 4. Ngf3 Qc7 5. g3 e5 6. Bg2 Bg4 7. O-O Nbd7 8. h3 Bxf3 9. Qxf3 d4 10. Qe2 Bd6 11. a4 O-O 12. Nc4 b5 13. Nxd6 Qxd6 14. f4 bxa4 15. Rxa4 Nb6 16. Ra1 Nfd7 17. b3 a5 18. g4 f6 19. g5 fxg5 20. fxg5 Rxf1+ 21. Qxf1 a4 22. bxa4 Rxa4 23. Rxa4 Nxa4 24. h4 Nc3 25. Bh3 Nf8 26. h5 Qe7 27. Kg2 Qf7 28. Qxf7+ Kxf7 29. Ba3 Ne6 30. Bxe6+ Kxe6 31. Kf3 g6 32. hxg6 hxg6 33. Bf8 Nb5 34. Bb4 Nc7 35. Bf8 Na6 36. Ba3 Nc7 37. Ke2 Kd7 38. Kd2 Ne6 39. Ke2 Nxg5 40. Bc1 Ne6 41. Kf3 c5 42. Kg4 Kc6 43. Bg5 c4 44. Bf6 cxd3 45. cxd3 Kd6 46. Kf3 Nf4 0-1


[Site "https://www.chess.com"]

[Event "Titled Tuesday Blitz November 08 Early 2022"]
[White "D`Arruda, Ricardo D."]
[Black "Prydun, Andriy"]
[WhiteFideId "100692"]
[BlackFideId "14145898"]
[WhiteElo "2515"]
[BlackElo "2163"]
[Result "1-0"]
[Round "11"]
[TimeControl "180+1"]
[Date "2022.11.09"]
[WhiteClock "0:00:20"]
[BlackClock "0:00:23"]

1. d4 Nf6 2. Nf3 e6 3. g3 b6 4. Bg2 Bb7 5. O-O Be7 6. c4 O-O 7. Nc3 Ne4 8. Bd2 Nxc3 9. Bxc3 d6 10. Qc2 Nd7 11. e4 a6 12. Rfe1 c5 13. Rad1 cxd4 14. Nxd4 Rc8 15. b3 Qc7 16. Rc1 Qb8 17. Qb2 Bf6 18. Ne2 Qa8 19. f3 Rfd8 20. Red1 d5 21. cxd5 exd5 22. e5 Be7 23. e6 fxe6 24. Bxg7 Rxc1 25. Rxc1 Bc5+ 26. Bd4 e5 27. Bxc5 bxc5 28. Bh3 d4 29. Bxd7 Rxd7 30. Rxc5 Bxf3 31. Rxe5 Qa7 32. Nf4 h6 33. Qf2 Bg4 34. Nd5 Rf7 35. Nf6+ Kg7 36. Ne8+ Kf8 37. Nf6 Kg7 38. Ne8+ Kf8 39. Nf6 Bh3 40. Re8+ Kg7 41. Rg8# 1-0


[Site "https://www.chess.com"]

[Event "Titled Tuesday Blitz November 08 Early 2022"]
[White "Dahlgren, James Allen"]
[Black "Bibilashvili, Lali"]
[WhiteFideId "22256873"]
[BlackFideId "13604236"]
[WhiteElo "2193"]
[BlackElo "1819"]
[Result "1-0"]
[Round "11"]
[TimeControl "180+1"]
[Date "2022.11.09"]
[WhiteClock "0:00:21"]
[BlackClock "0:00:26"]

1. d3 Nf6 2. f4 d5 3. Nf3 Bg4 4. g3 Bxf3 5. exf3 e6 6. Nc3 Bc5 7. d4 Bb4 8. Bd3 O-O 9. f5 Re8 10. fxe6 Rxe6+ 11. Kf2 Nc6 12. Be3 Qe7 13. Re1 Re8 14. Qd2 g6 15. a3 Bd6 16. Bb5 Nh5 17. Nxd5 Qd7 18. Bc4 Na5 19. Qxa5 Rxe3 20. Rxe3 Rxe3 21. Nxe3 Qh3 22. Nf1 Qf5 23. Qxf5 gxf5 24. Re1 Nf6 25. Ne3 1-0


[Site "https://www.chess.com"]

[Event "Titled Tuesday Blitz November 08 Early 2022"]
[White "Deac, Bogdan-Daniel"]
[Black "Baskakov, Egor"]
[WhiteFideId "1226380"]
[BlackFideId "24197866"]
[WhiteElo "2648"]
[BlackElo "2211"]
[Result "1-0"]
[Round "11"]
[TimeControl "180+1"]
[Date "2022.11.08"]
[WhiteClock "0:00:02"]
[BlackClock "0:00:31"]

1. Nf3 Nf6 2. c4 e6 3. g3 d5 4. Bg2 Be7 5. b3 O-O 6. Bb2 b6 7. cxd5 exd5 8. O-O Bb7 9. d4 Ne4 10. Nc3 f6 11. Rc1 a6 12. Qc2 f5 13. Ne5 Bd6 14. e3 Nd7 15. Ne2 Qe7 16. Nc6 Qf7 17. f3 Ng5 18. Ne5 Qe7 19. h4 Ne6 20. f4 g6 21. Nc6 Qf7 22. Bxd5 Nf6 23. Bf3 Ne4 24. Bxe4 fxe4 25. d5 Ng7 26. Bxg7 Kxg7 27. Nc3 Rae8 28. Rcd1 Qf5 29. Nd4 Qg4 30. Qg2 Bc5 31. Kh2 Bc8 32. Nce2 h6 33. Rc1 g5 34. Rc4 a5 35. Rfc1 Rf7 36. Rxc5 bxc5 37. Rxc5 Kh7 38. Ne6 gxh4 39. Qxe4+ Kg8 40. Qg2 Kh8 41. e4 hxg3+ 42. Nxg3 Bxe6 43. dxe6 Rxf4 44. Qb2+ Kg8 45. Nf5 Rxe6 46. Rc3 Rf3 47. Rxf3 Qxf3 48. Qg7# 1-0


[Site "https://www.chess.com"]

[Event "Titled Tuesday Blitz November 08 Early 2022"]
[White "Dehtiarov, Roman"]
[Black "Rodriguez Fontecha, Marcos"]
[WhiteFideId "14186640"]
[BlackFideId "2256576"]
[WhiteElo "2200"]
[BlackElo "2263"]
[Result "0-1"]
[Round "11"]
[TimeControl "180+1"]
[Date "2022.11.09"]
[WhiteClock "0:00:01"]
[BlackClock "0:00:06"]

1. e4 e6 2. d3 d5 3. Nd2 Nf6 4. g3 dxe4 5. dxe4 e5 6. Bg2 Bc5 7. Ne2 Bg4 8. O-O O-O 9. h3 Bh5 10. g4 Bg6 11. Ng3 Re8 12. Nb3 Bb6 13. Qe2 Qe7 14. Be3 Nc6 15. c3 Red8 16. Rfd1 Rxd1+ 17. Rxd1 Rd8 18. Nf5 Rxd1+ 19. Qxd1 Qd8 20. Qe2 Ne8 21. Bxb6 axb6 22. Ne3 f6 23. Nd5 Bf7 24. h4 Qd6 25. h5 Nd8 26. Ne3 Ne6 27. Nf5 Qd7 28. Qd2 Qxd2 29. Nxd2 Kf8 30. Bf1 Ng5 31. f3 Bxa2 32. b3 g6 33. hxg6 hxg6 34. Ne3 c6 35. Nc2 c5 36. Kf2 Nc7 37. Na3 Ke7 38. Nac4 b5 39. Nb2 Nge6 40. Ke1 b4 41. cxb4 cxb4 42. Nd3 Nd4 43. Nc1 Bb1 44. Nxb1 Nxf3+ 45. Kf2 Nd4 46. Nd2 Nce6 47. Ne2 Nc2 48. Nc1 Nc5 49. Nd3 Na6 50. Nb2 Nd4 51. Nd3 Kd6 52. Ke1 f5 53. gxf5 gxf5 54. exf5 Nxf5 55. Bg2 Kc7 56. Be4 Nd4 57. Kd1 b6 58. Nxe5 Kd6 59. Nd3 Nb5 60. Kc2 Nc3 61. Bg2 Na2 62. Nc4+ Kc7 63. Kb2 Nc3 64. Kc2 Ne2 65. Kd2 Nd4 66. Ke3 Nxb3 67. Nf4 Nbc5 68. Nd5+ Kc6 69. Ne5+ Kb5 70. Bf1+ Ka5 71. Nc6+ Ka4 72. Nxb6+ Ka3 73. Na5 Na4 74. Nd5 N6c5 75. Bc4 b3 76. Nc6 b2 77. Bd3 Nxd3 78. Nd4 b1=Q 79. Nc3 Qg1+ 80. Kd2 Qg2+ 81. Kxd3 Qg6+ 82. Kd2 Nxc3 83. Kxc3 Ka4 84. Kc4 Ka5 85. Kc5 Ka6 86. Kc4 Kb6 87. Kd5 Qg5+ 88. Kc4 Qg2 89. Kd3 Qh3+ 90. Kc4 Qf1+ 91. Kd5 Qh1+ 92. Kc4 Kc7 93. Kc5 Qg1 94. Kd5 Qg2+ 95. Kc5 Qg5+ 96. Kc4 Qc1+ 97. Kd5 Qb1 98. Ne6+ Kd7 99. Nd4 Ke7 100. Ke5 Kf7 101. Kd5 Kf6 102. Kc5 Qa1 103. Kd5 Qa8+ 104. Kc5 Ke5 105. Nc6+ Ke4 106. Kd6 Qf8+ 107. Kd7 Kd5 108. Ne7+ Kc5 109. Ke6 Qe8 110. Kf6 Kd6 111. Nf5+ Kd5 112. Ng7 Qf8+ 113. Kg6 Ke5 114. Kh6 Qh8+ 115. Kg6 Qf8 116. Nh5 Qg8+ 117. Ng7 Qd8 118. Kh7 Qd3+ 119. Kg8 Kf6 120. Nh5+ Kg5 121. Ng7 Kg6 122. Ne6 Qd5 123. Kf8 Qd6+ 0-1


[Site "https://www.chess.com"]

[Event "Titled Tuesday Blitz November 08 Early 2022"]
[White "Derjabin, Ilja"]
[Black "Grot, Blazej"]
[WhiteFideId "14104768"]
[BlackFideId "21835845"]
[WhiteElo "2312"]
[BlackElo "1822"]
[Result "1-0"]
[Round "11"]
[TimeControl "180+1"]
[Date "2022.11.09"]
[WhiteClock "0:01:34"]
[BlackClock "0:00:59"]

1. d4 Nf6 2. c4 e6 3. Nc3 d5 4. cxd5 exd5 5. Bg5 c6 6. e3 Be7 7. Bd3 O-O 8. Nge2 h6 9. Bh4 Nbd7 10. O-O Re8 11. Qc2 Nf8 12. f3 Ne6 13. Rad1 Bd6 14. Kh1 Be7 15. h3 Nh5 16. Bf2 Bh4 17. g3 Bf6 18. g4 Bh4 19. gxh5 Bxf2 20. Rxf2 Qh4 21. Rh2 Ng5 22. Ng1 Rxe3 23. Qf2 Qf4 24. Nce2 Rxe2 25. Nxe2 Qxf3+ 26. Qxf3 Nxf3 27. Rf2 Ng5 28. h4 Ne6 29. Rdf1 Nd8 30. Bf5 Bxf5 31. Rxf5 Rc8 32. Re5 Kf8 33. Nf4 f6 34. Ng6+ Kf7 35. Re7+ Kg8 36. Re8+ Kf7 37. Rfe1 1-0


[Site "https://www.chess.com"]

[Event "Titled Tuesday Blitz November 08 Early 2022"]
[White "Do Nascimento,Christian Almeida"]
[Black "Terzi, Alexei"]
[WhiteFideId "2143801"]
[BlackFideId "13505076"]
[WhiteElo "2079"]
[BlackElo "2172"]
[Result "1-0"]
[Round "11"]
[TimeControl "180+1"]
[Date "2022.11.09"]
[WhiteClock "0:00:13"]
[BlackClock "0:00:08"]

1. e4 e6 2. d4 d5 3. Nc3 Bb4 4. e5 Ne7 5. a3 Bxc3+ 6. bxc3 c5 7. a4 Qa5 8. Qd2 Nbc6 9. Nf3 Bd7 10. Bd3 Rc8 11. O-O cxd4 12. cxd4 Qxd2 13. Bxd2 Nf5 14. Bxf5 exf5 15. Rfb1 Rc7 16. c4 Be6 17. c5 Kd7 18. a5 h6 19. h4 Rb8 20. Rb2 Rg8 21. Rab1 Kc8 22. Kf1 Bd7 23. Ke1 a6 24. Rb6 Nd8 25. Ng1 Ne6 26. Ne2 Rc6 27. Rxb7 Kd8 28. R1b6 Re8 29. Ra7 Nc7 30. Nc3 Ree6 31. Rb8+ Bc8 32. Rb6 Rg6 33. g3 Rge6 34. f4 Rg6 35. Kf2 Rge6 36. Bc1 h5 37. Ne2 Rg6 38. Ng1 Rge6 39. Nf3 f6 40. Bb2 Kd7 41. Bc3 Kd8 42. Bd2 Kd7 43. Be3 Kd8 44. Bd2 Kd7 45. Be1 Kd8 46. Kg2 Kd7 47. Kf2 Kd8 48. Ng1 Kd7 49. Ne2 Kd8 50. Nc1 Bd7 51. Rb8+ Bc8 52. Rb6 Bd7 53. Nd3 Bc8 54. Nb4 Rxb6 55. axb6 Nb5 56. Ra8 Kd7 57. c6+ Ke7 58. b7 Bxb7 59. cxb7 Rb6 60. Nxd5+ 1-0


[Site "https://www.chess.com"]

[Event "Titled Tuesday Blitz November 08 Early 2022"]
[White "Estrada Nieto, Julian"]
[Black "Vlassov, Nikolai"]
[WhiteFideId "5101018"]
[BlackFideId "4103360"]
[WhiteElo "2221"]
[BlackElo "2324"]
[Result "0-1"]
[Round "11"]
[TimeControl "180+1"]
[Date "2022.11.09"]
[WhiteClock "0:00:06"]
[BlackClock "0:00:07"]

1. e4 Nc6 2. Nf3 d5 3. exd5 Qxd5 4. Nc3 Qa5 5. d4 Bg4 6. Bb5 O-O-O 7. Bxc6 bxc6 8. h3 Qh5 9. Qe2 Kb7 10. Be3 Bxf3 11. gxf3 e6 12. O-O-O Bb4 13. Ne4 Qb5 14. Rd3 Nf6 15. Bd2 Ka8 16. Bxb4 Qxb4 17. Rb3 Qa5 18. Qc4 Qd5 19. Qa6 Rb8 20. Nc5 Rxb3 21. axb3 Rb8 22. Rd1 Nd7 23. Nxd7 Qxd7 24. Rd3 Rb6 25. Qc4 Qd5 26. Qxd5 cxd5 27. f4 g6 28. h4 h5 29. Kd2 Ra6 30. Rc3 Kb7 31. Rc5 c6 32. c4 Ra1 33. cxd5 cxd5 34. Rb5+ Kc6 35. Rc5+ Kd6 36. Rc8 Rb1 37. Rd8+ Ke7 38. Ra8 Rxb2+ 39. Kc3 Ra2 40. b4 Kf6 41. b5 Ra5 42. Kb4 Ra1 43. Kc3 Rb1 44. Rxa7 Rxb5 45. Rc7 Rb1 46. Kd3 Rh1 47. Ke3 Rxh4 48. f3 Rh2 49. Rc8 Ra2 50. Rh8 Ra3+ 51. Ke2 Kf5 52. Rh7 f6 53. Rf7 Rc3 54. Kf2 Rd3 55. Ke2 Rxd4 56. Rh7 Rxf4 57. Rg7 Ra4 58. Ke3 e5 59. Rg8 Ra3+ 60. Kf2 d4 61. Rd8 h4 62. Kg2 g5 63. Rd6 Ra2+ 64. Kh3 Rf2 65. Rxf6+ Kxf6 66. Kg4 d3 67. f4 Rxf4+ 68. Kh3 d2 69. Kg2 d1=Q 70. Kh3 Qh1# 0-1


[Site "https://www.chess.com"]

[Event "Titled Tuesday Blitz November 08 Early 2022"]
[White "Fajdetic, Hrvoje"]
[Black "Levitan, Caleb Levi"]
[WhiteFideId "14501945"]
[BlackFideId "14332620"]
[WhiteElo "2172"]
[BlackElo "1963"]
[Result "1-0"]
[Round "11"]
[TimeControl "180+1"]
[Date "2022.11.09"]
[WhiteClock "0:00:47"]
[BlackClock "0:00:01"]

1. b3 d5 2. Bb2 Bf5 3. d3 e6 4. Nd2 Nf6 5. g3 Be7 6. Bg2 O-O 7. e4 Bg6 8. Ne2 c5 9. O-O Nc6 10. h3 Qd7 11. f4 Rfd8 12. Kh2 Qc7 13. Bxf6 Bxf6 14. e5 Be7 15. h4 Nd4 16. Nf3 Bh5 17. Nexd4 cxd4 18. Qd2 Bxf3 19. Bxf3 Rac8 20. Rf2 Qc3 21. Rd1 Bb4 22. Qe2 Rd7 23. f5 exf5 24. e6 Re7 25. exf7+ Kf8 26. Qf1 Qc6 27. Qg2 Rd8 28. Rdf1 Rxf7 29. Bd1 Qe6 30. Qh3 g6 31. h5 Kg7 32. h6+ Kg8 33. Kh1 Re8 34. g4 f4 35. Rxf4 Rxf4 36. Rxf4 Qd6 37. Qf3 Re1+ 38. Kg2 Bd2 39. Rf6 Qe7 40. Qxd5+ Kh8 41. Rf7 Re2+ 42. Bxe2 Qxe2+ 43. Kh1 Qe1+ 44. Kh2 Qe2+ 45. Qg2 Qe5+ 46. Kh3 Qe3+ 47. Qg3 Qxh6+ 48. Kg2 1-0


[Site "https://www.chess.com"]

[Event "Titled Tuesday Blitz November 08 Early 2022"]
[White "Fawzy, Adham"]
[Black "Winkels, Marcel"]
[WhiteFideId "10613129"]
[BlackFideId "1003887"]
[WhiteElo "2541"]
[BlackElo "1900"]
[Result "1-0"]
[Round "11"]
[TimeControl "180+1"]
[Date "2022.11.09"]
[WhiteClock "0:00:15"]
[BlackClock "0:00:45"]

1. e4 c5 2. Nf3 d6 3. Bb5+ Bd7 4. Bxd7+ Nxd7 5. O-O Ngf6 6. Qe2 e6 7. d4 cxd4 8. Nxd4 a6 9. c4 Be7 10. b3 O-O 11. Bb2 Qc7 12. Nc3 Rac8 13. Rad1 Qb8 14. Kh1 h5 15. f4 Rfe8 16. Nf3 Bf8 17. e5 dxe5 18. fxe5 Ng4 19. Rxd7 b5 20. Qe4 bxc4 21. Ng5 f5 22. Rxf5 exf5 23. Qxf5 Qxe5 24. Qh7# 1-0


[Site "https://www.chess.com"]

[Event "Titled Tuesday Blitz November 08 Early 2022"]
[White "Fernandez Hernandez, Gerardo"]
[Black "Skibbe, Willi"]
[WhiteFideId "2207400"]
[BlackFideId "4682190"]
[WhiteElo "2241"]
[BlackElo "2370"]
[Result "0-1"]
[Round "11"]
[TimeControl "180+1"]
[Date "2022.11.09"]
[WhiteClock "0:00:01"]
[BlackClock "0:00:40"]

1. e4 e5 2. Nf3 Nc6 3. Bc4 Bc5 4. b4 Bxb4 5. c3 Be7 6. d4 Na5 7. Be2 d6 8. O-O Nc6 9. Nbd2 Nf6 10. Qb3 O-O 11. h3 h6 12. Re1 Re8 13. a4 Bf8 14. Bc4 Qd7 15. Qa2 Na5 16. Bd3 b6 17. Ba3 a6 18. Qc2 c5 19. Rad1 Nc6 20. Nc4 Qc7 21. d5 Ne7 22. Rb1 Rb8 23. Ne3 g6 24. Qe2 Qa7 25. Qd2 Bd7 26. Qc2 b5 27. axb5 axb5 28. Ra1 Qc7 29. Nh2 Bg7 30. f3 Rec8 31. Nhg4 Nxg4 32. Nxg4 h5 33. Ne3 Bh6 34. Nf1 Bf4 0-1


[Site "https://www.chess.com"]

[Event "Titled Tuesday Blitz November 08 Early 2022"]
[White "Gabrielian, Artur"]
[Black "Padmini, Rout"]
[WhiteFideId "4131002"]
[BlackFideId "5029295"]
[WhiteElo "2432"]
[BlackElo "2296"]
[Result "1-0"]
[Round "11"]
[TimeControl "180+1"]
[Date "2022.11.09"]
[WhiteClock "0:00:48"]
[BlackClock "0:00:05"]

1. d4 Nf6 2. c4 c5 3. d5 b5 4. cxb5 a6 5. bxa6 g6 6. Nc3 Bxa6 7. e4 Bxf1 8. Kxf1 d6 9. Nf3 Nbd7 10. g3 Bg7 11. Kg2 O-O 12. a4 Qb6 13. Ra3 Rfb8 14. Qc2 Ng4 15. Nb5 Qb7 16. b3 Rc8 17. Bb2 Ngf6 18. Nd2 Ne5 19. Bxe5 dxe5 20. Nc4 Ne8 21. h4 h5 22. d6 Ra6 23. Rd1 Qd7 24. dxe7 Qxe7 25. Ra2 Bf8 26. Qc3 f6 27. Rad2 Ng7 28. Ne3 Ne6 29. Rd7 Qe8 30. Nd5 Nd4 31. Qc4 Kh8 32. Rb7 Qe6 33. Nbc7 Qg4 34. Rxd4 cxd4 35. f3 Qd7 36. Qxa6 Bd6 37. Qb5 Qxb5 38. axb5 f5 39. Ne6 Rc2+ 40. Kf1 1-0


[Site "https://www.chess.com"]

[Event "Titled Tuesday Blitz November 08 Early 2022"]
[White "Galchenko, Matvey"]
[Black "Paravyan, David"]
[WhiteFideId "24175480"]
[BlackFideId "4194985"]
[WhiteElo "2403"]
[BlackElo "2546"]
[Result "0-1"]
[Round "11"]
[TimeControl "180+1"]
[Date "2022.11.08"]
[WhiteClock "0:00:51"]
[BlackClock "0:01:05"]

1. f4 Nf6 2. Nf3 d5 3. g3 e6 4. Bg2 Be7 5. O-O O-O 6. d3 b5 7. e4 dxe4 8. dxe4 Bb7 9. e5 Bc5+ 10. Kh1 Qxd1 11. Rxd1 Ng4 12. Rf1 Nf2+ 13. Kg1 Nd3+ 14. Kh1 Nf2+ 15. Kg1 Rd8 16. Nc3 Nd1+ 17. Kh1 Nf2+ 18. Kg1 Ne4+ 19. Kh1 Nxc3 20. bxc3 Nd7 21. a4 a6 22. Nd4 Bxg2+ 23. Kxg2 Nb6 24. Nc6 Re8 25. axb5 axb5 26. Rxa8 Rxa8 27. Rd1 Nd5 28. Rd3 Ra2 29. Rd2 Kf8 30. Kf3 Ke8 31. Nd4 Bxd4 32. cxd4 Kd7 33. h3 b4 34. Ke4 Ra1 35. Bb2 Rb1 0-1


[Site "https://www.chess.com"]